 Dungeon Crawl Stone Soup version 0.29.0-11-gd7f09526c8 (webtiles) character file.

Game seed: 9327094189222926153

1 Powertoast the Sneak (level 1, -1/9 HPs)
             Began as a Spriggan Enchanter on Sept 4, 2022.
             Slain by a quokka (3 damage)
             ... on level 1 of the Dungeon.
             The game lasted 00:00:34 (146 turns).

Powertoast the Sneak (Spriggan Enchanter)            Turns: 146, Time: 00:00:34

Health: -1/9       AC:  2    Str:  4    XL:     1   Next: 16%
Magic:  5/5        EV: 17    Int: 16    God:
Gold:   0          SH:  0    Dex: 15    Spells: 5/5 levels left

rFire   . . .      SeeInvis +   a - +1 dagger
rCold   . . .      Faith    .   (no shield)
rNeg    . . .      Spirit   .   b - +0 robe
rPois   .          Reflect  .   (helmet restricted)
rElec   .          Harm     .   (no cloak)
rCorr   .          Rampage  .   (gloves unavailable)
Will    .....                   (boots unavailable)
Stlth   +++.......              (no amulet)
HPRegen 0.03/turn               (no ring)
MPRegen 0.09/turn               (no ring)

@: very quick
A: very small, no large weapons, unfitting armour, see invisible, speed 3
a: no special abilities


You were on level 1 of the Dungeon.
You visited 1 branch of the dungeon, and saw 1 of its levels.

Inventory:

Hand Weapons
 a - a +1 dagger (weapon)
Armour
 b - a +0 robe (worn)
Jewellery
 f - an amulet of the acrobat
Scrolls
 d - a scroll of immolation {unknown}
 g - a scroll of amnesia {unknown}
Potions
 c - 2 potions of invisibility
 e - a potion of attraction {unknown}


   Skills:
 + Level 1.1 Short Blades
 - Level 2.6 Dodging
 * Level 4.5 Stealth
 - Level 2.6 Spellcasting
 - Level 3.6 Hexes


You had 5 spell levels left.
You didn't know any spells.
Your spell library contained the following spells:

 Spells                   Type           Power      Damage    Failure   Level
 Confusing Touch          Hex            13%        N/A       13%         3
 Tukima's Dance           Hex            13%        N/A       13%         3
 Ensorcelled Hibernation  Hex/Ice        14%        N/A       14%         2
 Dazzling Flash           Conj/Hex       14%        N/A       28%         3
 Olgreb's Toxic Radiance  Pois           2%         N/A       88%         4
 Ozocubu's Refrigeration  Ice            1%         4d7       100%        7
 Ignition                 Fire           1%         3d3       100%        8


Dungeon Overview and Level Annotations

Branches:
Dungeon (1/15)

Altars:


Innate Abilities, Weirdness & Mutations

You are very small and have problems with some larger weapons.
You are too small for most types of armour.
You have supernaturally acute eyesight. (SInv)
You cover ground extremely quickly. (Speed+++)


Message History

Welcome, Powertoast the Spriggan Enchanter.
The Orb of Zot is coveted for many reasons.
Will you seize it for your own?
Press ? for a list of commands and other information.
Found a staircase leading out of the dungeon.
You open the door.
There is an open door here.
A hobgoblin comes into view.
Found a pink potion.
The helpless hobgoblin fails to defend itself.
You impale the hobgoblin!!
You kill the hobgoblin!
d - a scroll labelled KIAT NAGHISHIV
e - a pink potion You see here a +0 ring mail.
Found a stone staircase leading down.
There is a stone staircase leading down here.
f - an amulet of the acrobat You pick up the Unrestrained Analects and begin reading...
You add the spells Olgreb's Toxic Radiance, Ozocubu's Refrigeration and Ignition to your library.
g - a scroll labelled KYMEBE APIYWNOE A quokka comes into view.
The quokka bites you.
You closely miss the quokka. The quokka bites you.
You hit the quokka.
The quokka is moderately wounded.
The quokka misses you.
You hit the quokka but do no damage.
The quokka is moderately wounded.
The quokka bites you.
Ouch! That really hurt!
* * * LOW HITPOINT WARNING * * *
You barely miss the quokka.
The quokka is moderately wounded.
The quokka bites you.
You die...

#.# ##.###...#...#
#.#
#..##......########..
#.#
#.##.................
#.#
#.##.................
#.#
#.##.......#.######..
#.# #.###.....##.#
#.#####.# ##...###.#
#.#.....#####.####.#
#.............@r...#
###.##############.#
#.# #.# #.# #.# #.#
#.# #.# #.#


You could see a quokka.

Vanquished Creatures
  A hobgoblin (D:1)
1 creature vanquished.

Notes
Turn   | Place    | Note
-------+----------+-------------------------------------------
     0 | D:1      | Powertoast the Spriggan Enchanter began the quest for the
                  | Orb.
     0 | D:1      | Reached XP level 1. HP: 9/9 MP: 5/5
   146 | D:1      | Slain by a quokka

Illustrated notes

Levels and vault maps discovered:
D:1:      beargit_arrival_greenhouse, layout_loops_ring

Action                   || total
-------------------------++-------
Melee: Dagger            ||     5
 Stab: Sleeping          ||     1
Dodge: Dodged            ||     1
